Map: Frost LE

Players

Cham - Winner!

  • Race: Zerg Zerg

MarineLorD

  • Race: Terran Terran

Event: 2016 WCS Summer Circuit Championship (DH Montreal)

VOD

https://www.youtube.com/watch?v=UVQR6zoaPu0

Description

Time

  • Played on: Aug. 12, 2016, 2:57 p.m.
  • Length: 16:10

All games in this series

Show
View Real Time Build Order
Export as new Build Order

Cham Zerg - Winner!

Build Orders: Hatch First 

Get SALT Encoding   

  12  0:00  Drone  
  13  0:08  Drone  
  14  0:16  Overlord  
  14  0:35  Drone x3  
  17  0:52  Hatchery  
  17  0:56  Drone  
  17  0:58  Drone  
  18  1:10  Extractor  
  17  1:14  Spawning Pool  
  17  1:16  Drone  
  17  1:20  Drone  
  18  1:32  Drone  
  19  1:39  Overlord  
  19  1:50  Drone  
  20  2:00  Queen  
  22  2:01  Zergling x2  
  22  2:03  Queen  
  22  2:04  Zergling x2  
  26  2:13  Zergling x2  
  27  2:23  Hatchery  
  27  2:27  Drone  
  27  2:29  Drone  
  28  2:32  Drone  
  28  2:34  Drone  
  30  2:39  Drone  
  31  2:44  Queen  
  31  2:50  Overlord  
  33  2:54  Drone  
  33  2:55  Drone  
  33  2:58  Drone  
  36  3:11  Drone x2  
  36  3:12  Drone  
  39  3:14  Drone x5  
  44  3:20  Overlord  
  44  3:28  Roach Warren  
  44  3:29  Overlord  
  43  3:34  Drone  
  43  3:40  Extractor  
  43  3:42  Overlord  
  43  3:44  Drone x5  
  43  3:45  Drone  
  49  3:49  Spore Crawler  
  49  3:54  Overlord, Spore Crawler  
  48  3:55  Drone  
  48  4:04  Queen  
  48  4:07  Overlord  
  48  4:09  Roach x2  
  54  4:13  Roach  
  54  4:16  Roach  
  57  4:18  Overlord  
  57  4:20  Roach  
  59  4:25  Roach  
  59  4:29  Roach x2  
  65  4:32  Roach  
  65  4:36  Roach x2  
  70  4:42  Drone x2, Overlord  
  70  4:44  Drone  
  73  4:46  Drone  
  73  4:47  Drone  
  73  4:50  Drone x2  
  77  4:54  Drone  
  77  4:57  Lair  
  78  5:01  Drone x2  
  78  5:03  Overlord  
  80  5:09  Overlord  
  80  5:14  Spore Crawler  
  79  5:17  Extractor  
  79  5:19  Extractor  
  79  5:20  Evolution Chamber  
  76  5:24  Drone x2  
  76  5:25  Drone  
  76  5:26  Drone  
  79  5:30  Drone x3  
  79  5:31  Drone x2  
  79  5:35  Overlord  
  83  5:40  Drone x2  
  83  5:41  Overlord  
  83  5:42  Drone x4  
  89  5:43  Drone  
  89  5:44  Extractor  
  89  5:45  Extractor  
  89  5:47  Zerg Missile Weapons Level 1  
  88  5:50  Drone x2  
  88  5:51  Drone  
  88  5:54  Overlord  
  91  5:58  Ravager x2  
  91  5:59  Glial Reconstitution  
  91  6:00  Drone  
  91  6:03  Overlord  
  94  6:06  Overlord  
  94  6:13  Roach  
  94  6:15  Roach x3  
  102  6:21  Roach x2  
  102  6:22  Roach x2  
  102  6:23  Roach  
  111  6:27  Overlord  
  111  6:28  Roach  
  111  6:29  Roach  
  111  6:31  Ravager  
  116  6:36  Roach x3  
  116  6:39  Roach x2  
  126  6:43  Roach  
  128  6:50  Roach x2  
  132  6:54  Overlord x2  
  132  6:55  Roach  
  136  7:01  Roach x2  
  138  7:08  Drone  
  138  7:10  Overlord  
  138  7:11  Roach x2  
  138  7:14  Roach  
  145  7:19  Drone x2  
  142  7:24  Roach  
  142  7:28  Drone x2  
  142  7:29  Ravager  
  145  7:38  Roach x5  
  145  7:41  Roach x5  
  165  7:44  Roach  
  165  7:45  Ravager x2, Roach  
  165  7:46  Ravager  
  165  7:47  Ravager  
  165  7:51  Zerg Ground Armor Level 1  
  173  7:52  Drone  
  173  7:55  Evolution Chamber  
  173  7:56  Roach x2  
  177  8:07  Overseer  
  177  8:11  Overlord x3  
  133  8:34  Roach  
  133  8:35  Roach x4  
  133  8:36  Roach x3  
  133  8:38  Roach  
  133  8:39  Overseer, Roach x2  
  133  8:40  Roach x3  
  139  8:47  Zerg Missile Weapons Level 2  
  137  8:50  Roach  
  137  8:51  Roach x2  
  137  8:53  Ravager x4  
  147  8:59  Roach x2  
  147  9:01  Ravager  
  152  9:03  Hatchery, Roach  
  152  9:07  Roach  
  155  9:10  Roach  
  155  9:12  Roach  
  159  9:17  Roach  
  159  9:18  Roach x2  
  163  9:24  Roach  
  163  9:26  Overseer, Roach x3  
  163  9:28  Roach  
  163  9:31  Roach x4  
  179  9:36  Roach  
  179  9:37  Ravager x2  
  178  9:46  Roach  
  178  9:50  Roach  
  150  10:01  Roach x2  
  150  10:05  Roach x3  
  141  10:11  Roach x3  
  141  10:12  Overseer, Roach x4  
  141  10:14  Roach  
  153  10:17  Zerg Ground Armor Level 2  
  153  10:21  Roach  
  155  10:26  Roach  
  155  10:27  Overlord  
  155  10:34  Roach x2  
  155  10:35  Ravager, Roach  
  147  10:36  Roach x2  
  147  10:38  Roach  
  157  10:42  Roach  
  157  10:43  Roach  
  155  10:50  Roach x3  
  155  10:51  Roach x2  
  155  10:56  Roach  
  155  10:57  Roach x2  
  172  10:58  Overlord  
  172  11:00  Roach  
  172  11:03  Ravager  
  175  11:08  Roach x2  
  175  11:10  Roach  
  177  11:16  Roach  
  177  11:17  Roach  
  129  11:34  Roach  
  129  11:35  Drone x6  
  129  11:36  Drone x3  
  138  11:50  Drone x2, Extractor  
  138  11:51  Drone, Queen  
  138  11:52  Extractor  
  138  11:54  Spore Crawler  
  139  11:57  Drone  
  139  11:58  Drone x2  
  139  12:00  Roach  
  142  12:06  Roach  
  144  12:09  Roach  
  144  12:10  Roach x2  
  144  12:14  Roach  
  144  12:15  Roach, Tunneling Claws  
  154  12:17  Burrow  
  154  12:18  Overlord  
  154  12:19  Roach  
  154  12:21  Roach  
  154  12:22  Roach  
  157  12:23  Drone  
  157  12:26  Roach  
  160  12:33  Roach x2  
  160  12:36  Roach x3  
  170  12:42  Roach  
  172  12:44  Roach  
  163  12:52  Roach x3  
  163  12:54  Roach  
  144  13:01  Roach  
  144  13:02  Roach x5  
  143  13:06  Roach  
  143  13:07  Ravager x3  
  143  13:08  Roach  
  143  13:10  Roach  
  143  13:12  Roach  
  154  13:16  Roach  
  156  13:21  Roach  
  151  13:27  Roach x4  
  151  13:28  Roach x2  
  161  13:34  Roach x16  
  161  13:37  Roach  
  161  13:39  Roach x4  
  161  13:40  Roach x28  
  161  13:41  Roach  
  168  13:43  Roach  
  170  13:51  Roach x3  
  168  13:57  Roach x25  
  161  14:09  Roach x2  
  157  14:12  Roach x4  
  157  14:13  Roach x2  
  157  14:14  Roach  
  167  14:17  Roach  
  167  14:21  Roach x19  
  167  14:22  Roach  
  167  14:23  Roach  
  173  14:26  Roach  
  173  14:29  Roach  
  179  14:31  Roach  
  179  14:32  Roach x14  
  179  14:37  Roach  
  177  14:39  Roach  
  177  14:42  Roach x8  
  177  14:43  Roach  
  151  14:50  Roach x3  
  151  14:51  Roach x3  
  148  14:55  Roach  
  148  14:56  Roach  
  148  14:58  Roach  
  144  15:01  Roach x4  
  144  15:04  Roach  
  144  15:05  Roach  
  144  15:06  Roach x3  
  144  15:08  Roach x2  
  144  15:09  Roach x4  
  144  15:11  Roach  
  144  15:13  Roach  
  144  15:14  Roach  
  142  15:18  Infestation Pit  
  141  15:22  Roach x2  
  141  15:25  Ravager x3  
  148  15:29  Roach x7  
  148  15:30  Roach  
  148  15:33  Roach  
  154  15:36  Roach  
  154  15:40  Roach x2  
  154  15:42  Roach  
Show
View Real Time Build Order
Export as new Build Order

MarineLorD Terran 

Build Orders: Reaper Expand, Bio Tank 

Get SALT Encoding   

  12  0:00  SCV  
  13  0:12  SCV  
  14  0:17  Supply Depot  
  14  0:24  SCV  
  15  0:38  SCV  
  15  0:39  Barracks  
  16  0:44  Refinery  
  16  0:50  SCV  
  17  1:02  SCV  
  18  1:15  SCV  
  19  1:26  Reaper  
  19  1:27  Orbital Command  
  20  1:40  Command Center  
  20  1:51  Barracks  
  20  1:54  SCV  
  20  1:59  Barracks Reactor  
  21  2:06  SCV  
  22  2:09  Supply Depot  
  22  2:16  Refinery  
  22  2:18  SCV  
  23  2:27  Factory  
  23  2:30  SCV  
  23  2:35  Marine x2  
  26  2:38  Barracks Tech Lab  
  26  2:42  SCV  
  27  2:52  Orbital Command  
  27  2:54  Marine  
  27  2:55  Marine, SCV  
  27  2:58  Marine  
  31  3:06  Stimpack  
  31  3:07  SCV  
  31  3:12  Marine  
  32  3:13  Marine  
  32  3:16  Marine  
  32  3:19  SCV x2  
  37  3:29  Factory Reactor  
  37  3:30  Starport  
  37  3:31  SCV  
  37  3:33  SCV  
  39  3:36  Marine x2  
  39  3:38  Marine  
  42  3:43  SCV  
  42  3:45  SCV  
  42  3:47  Supply Depot  
  44  3:52  Supply Depot  
  44  3:55  SCV  
  45  3:56  Marine  
  46  4:09  Marine x2, SCV x2  
  50  4:15  Supply Depot  
  50  4:19  Medivac x2  
  50  4:20  Widow Mine  
  50  4:22  SCV x2  
  58  4:29  Engineering Bay  
  58  4:31  Engineering Bay  
  58  4:33  Refinery  
  58  4:34  Marine x2, SCV x2  
  58  4:37  Marine  
  63  4:42  Supply Depot  
  63  4:46  Supply Depot, SCV x2  
  63  4:51  Factory Tech Lab  
  65  4:55  Marine x3  
  65  4:57  Medivac  
  70  5:03  SCV x2  
  72  5:07  Terran Infantry Armor Level 1, Terran Infantry Weapons Level 1  
  72  5:08  Supply Depot  
  72  5:13  Marine x2  
  72  5:14  Combat Shields  
  74  5:15  Marine  
  75  5:31  Marine x2  
  75  5:36  Siege Tank  
  75  5:40  Command Center  
  78  5:44  SCV  
  78  5:45  Barracks, Marine  
  78  5:49  Marine x2  
  82  5:54  SCV  
  83  5:57  Refinery  
  83  5:58  Armory  
  83  6:06  Barracks x2, SCV  
  83  6:07  Marine  
  84  6:14  Siege Tank, SCV  
  88  6:18  Marine, SCV  
  88  6:21  Marauder  
  92  6:26  SCV  
  92  6:31  SCV  
  94  6:39  Supply Depot  
  94  6:42  Supply Depot  
  94  6:52  Marine, Marauder, Medivac x2, SCV x2  
  101  6:57  Orbital Command  
  101  7:00  Barracks Tech Lab  
  101  7:01  Barracks Reactor  
  101  7:02  Barracks Tech Lab  
  101  7:04  SCV  
  101  7:06  SCV  
  103  7:10  Siege Tank  
  106  7:16  Marine x2, SCV  
  106  7:17  Marauder  
  106  7:18  SCV  
  113  7:22  SCV  
  113  7:28  SCV  
  112  7:30  SCV  
  112  7:32  Marauder x2  
  112  7:35  SCV  
  117  7:40  Terran Infantry Weapons Level 2, Terran Infantry Armor Level 2, Marauder  
  117  7:42  Siege Tank, SCV  
  122  7:46  Marine x2  
  123  7:53  Supply Depot, Terran Vehicle Weapons Level 1  
  123  7:54  Supply Depot, Marauder  
  123  7:55  Supply Depot  
  125  7:59  Refinery  
  125  8:00  Refinery  
  125  8:08  Missile Turret  
  125  8:15  Marauder x2, Marine x5, SCV  
  125  8:16  SCV x2  
  126  8:27  SCV  
  126  8:28  Liberator, SCV x2  
  126  8:32  Marine  
  126  8:33  Marauder  
  106  8:34  Marine  
  106  8:36  Marine  
  106  8:37  Marauder x2  
  106  8:39  SCV  
  106  8:40  SCV x2  
  106  8:45  Siege Tank  
  106  8:47  Liberator  
  111  8:51  SCV  
  111  8:52  SCV x2  
  111  8:54  Marauder  
  115  8:59  Marine x5, Marauder  
  122  9:03  SCV  
  122  9:04  SCV x2  
  128  9:15  Liberator, SCV  
  128  9:16  SCV, Concussive Shells, Marauder  
  128  9:17  Marine x4  
  131  9:18  Marauder  
  131  9:19  Siege Tank  
  131  9:21  Marauder  
  127  9:34  Marine x2  
  127  9:35  Marine  
  127  9:37  Marauder  
  134  9:39  Marauder  
  134  9:41  Marine  
  134  9:42  Marauder  
  136  9:51  Siege Tank  
  131  9:58  Marine x2  
  131  9:59  Marauder  
  123  10:00  Marauder  
  123  10:02  Medivac  
  123  10:03  Marauder  
  123  10:04  Marine  
  104  10:14  Marine  
  104  10:16  Marine  
  104  10:20  Marauder  
  104  10:23  Siege Tank  
  104  10:25  Medivac  
  104  10:27  Marine  
  104  10:28  Marine  
  101  10:29  Marine  
  101  10:32  Marine  
  100  10:36  Marine  
  100  10:38  Marine  
  99  10:43  Marine  
  99  10:44  Marine  
  99  10:45  Marine  
  99  10:47  Orbital Command  
  99  10:49  Medivac  
  104  10:58  Siege Tank  
  104  11:00  Marine  
  108  11:06  Medivac  
  112  11:11  Marauder  
  112  11:15  Marine x2  
  112  11:16  Marine  
  115  11:19  Medivac  
  115  11:21  Marauder  
  115  11:22  Marine  
  115  11:24  Marine  
  92  11:32  Marine  
  70  11:35  Siege Tank  
  70  11:36  Marine  
  71  11:42  Marine, Marauder  
  71  11:43  Marine  
  71  11:46  Marine x2  
  77  11:50  Marine  
  78  11:54  Marine  
  78  11:59  Marine  
  80  12:01  Marine  
  80  12:03  Marine  
  80  12:04  Marine x2  
  80  12:07  Siege Tank  
  80  12:08  Marine  
  88  12:12  Marine  
  89  12:17  Marine  
  89  12:20  Orbital Command  
  89  12:22  Marauder, Marine, Orbital Command  
  90  12:23  Marine  
  90  12:25  Marine  
  90  12:28  Marine  
  93  12:30  Marine  
  94  12:42  Marine x2  
  96  12:44  Marine  
  96  12:47  Marine  
  98  12:52  Marine  
  82  13:01  Marine  
  82  13:04  Marine  
  78  13:10  Marine  
  79  13:19  Marine  
  79  13:20  Marine  
  79  13:25  Marine  
  79  13:26  Orbital Command  
  73  13:27  Marine x3  
  73  13:32  Marine  
  74  13:37  Marine  
  74  13:38  Marine  
  76  13:43  Marine  
  77  13:50  Marine x2  
  77  13:52  Marine  
  77  13:55  Marine  
  77  14:02  Orbital Command  
  77  14:05  Marine x2  
  77  14:08  Marine x2  
  77  14:09  Marauder  
  70  14:10  Siege Tank  
  70  14:11  Marine  
  70  14:13  Missile Turret  
  70  14:14  Orbital Command  
  56  14:46  Marine  
  54  14:52  Marine  
  44  15:11  SCV  
  44  15:23  SCV  
Tags
 
Add a new tag
Caveats
  • Supply blocks, unpowered buildings, or Contaminate may cause inaccurate times.
  • Supply counts are checked every 10 seconds.